 Dungeon Crawl Stone Soup version 0.31-a0-859-g9dce7d3444 (webtiles) character file.

Game seed: 4763129069465095179

5912 kae the Severer (level 10, 0/81 HPs)
             Began as a Hill Orc Fighter on Oct 9, 2023.
             Was a Priest of Qazlal.
             Slain by a white ugly thing (46 damage)
             ... on level 11 of the Dungeon.
             The game lasted 00:08:43 (8468 turns).

kae the Severer (Hill Orc Fighter)                  Turns: 8468, Time: 00:08:43

Health: 0/81       AC: 23    Str: 24    XL:     10   Next: 82%
Magic:  14/14      EV:  8    Int:  8    God:    Qazlal [***...]
Gold:   121        SH:  3    Dex: 15    Spells: 9/9 levels left

rFire   + . .        h - +1 battleaxe (flame)
rCold   x . .        (shield currently unavailable)
rNeg    . . .        G - +2 chain mail {rF+}
rPois   +            t - +1 helmet {SInv}
rElec   +            v - +2 cloak
rCorr   +            F - +0 pair of gloves "Nuffenai" {rElec rC- rCorr Dex+5}
SInv    +            I - +0 pair of boots
Will    .....        (no amulet) Stlth
                     O - +4 ring of protection
HPRegen 0.33/turn    P - ring of poison resistance
MPRegen 0.14/turn

%: no passive effects
@: no status effects
A: no striking features
a: Renounce Religion, Upheaval, Elemental Force


You were on level 11 of the Dungeon.
You worshipped Qazlal.
Qazlal was most pleased with you.
You visited 1 branch of the dungeon, and saw 9 of its levels.
You also visited: Bailey.

You collected 866 gold pieces.
You spent 745 gold pieces at shops.


   Skills:
 - Level 5.0 Fighting
 + Level 18.4 Axes
 - Level 5.0 Armour
 - Level 3.2 Shields
 - Level 6.0 Invocations


You had 9 spell levels left.
You didn't know any spells.
Your spell library was empty.

Inventory:

Hand Weapons
 a - a +0 war axe
 h - a +1 battleaxe of flaming (weapon)
   (You acquired it on level 4 of the Dungeon)
Armour
 t - a +1 helmet of see invisible (worn)
   (You bought it in a shop on level 11 of the Dungeon)
 v - a +2 cloak (worn)
   (You found it on level 4 of the Dungeon)
 F - the +0 pair of gloves "Nuffenai" (worn) {rElec rC- rCorr Dex+5}
   (You bought it in a shop on level 11 of the Dungeon)

   Dex+5:     It affects your dexterity (+5).
   rC-:       It makes you vulnerable to cold.
   rElec:     It insulates you from electricity.
   rCorr:     It protects you from acid and corrosion.
 G - a +2 chain mail of fire resistance (worn)
   (You bought it in a shop on level 11 of the Dungeon)
 I - a +0 pair of boots (worn)
   (You found it on level 11 of the Dungeon)
Magical Staves
 p - a staff of air {!a}
   (You found it on level 5 of the Dungeon)
Jewellery
 C - a ring of protection from cold
   (You found it on level 1 of the Dungeon)
 N - a ring of positive energy
   (You found it on level 2 of the Dungeon)
 O - a +4 ring of protection (left hand)
   (You found it on level 1 of the Dungeon)
 P - a ring of poison resistance (right hand)
   (You found it on level 4 of the Dungeon)
 T - an amulet of faith {!P}
   (You found it on level 7 of the Dungeon)
Wands
 l - a wand of charming (26)
   (You found it on level 2 of the Dungeon)
 n - a wand of mindburst (9)
   (You found it on level 4 of the Dungeon)
 z - a wand of flame (25)
   (You took it off Blork the orc on level 6 of the Dungeon)
Scrolls
 e - a scroll of revelation
 f - a scroll of identify {@r1}
 o - 2 scrolls of enchant armour
 r - 4 scrolls of teleportation {@r4}
 u - 4 scrolls of poison
Potions
 d - 2 potions of might
 g - 2 potions of invisibility {unknown}
 i - a potion of enlightenment {unknown}
 k - 2 potions of cancellation {unknown}
 m - a potion of lignification {unknown}
 q - 2 potions of ambrosia
 s - a potion of degeneration {unknown}
 x - 2 potions of haste {unknown}
 H - a potion of curing {@q1}

Dungeon Overview and Level Annotations

Branches:
Dungeon (8/15) Zot: 25745  Temple (0/1) D:5          Bailey (visited)
   Lair: D:8-11

Altars:
Fedhas
Hepliaklqana
Qazlal
Yredelemnul

Shops:
D:11 !([

Portals:
Trove: D:11 (give 15 scrolls of teleportation)

#...........#
#...........#
#...........#
#...........# #
#...........# .#
##########'## ##..#
#...# ###...# ####.###
#.u.# #..).# ##@#####
###.##### #..°...#
###.......#####......#
.............##......#
###.......##.##......#
#.......##..'......#
##.##########......#
#...# #......# ###.#
#.....∩#


You could see a white ugly thing.


Message History

You slice the orc!! You burn the orc.
You kill the orc!
Qazlal accepts your kill.
Unknown command.
Items here: )) [ †. 😕 HP[+16]
You regained 16 hp, and now have 68/81 hp.
Key pressed, stopping explore.
Unknown command. 😕 HP[+12]
You regained 12 hp, and now have 80/81 hp.
You open the door.
There is an open door here.
Found an escape hatch in the ceiling. 😎 HP[+1]
Your hp is fully restored (81).
There is an escape hatch in the ceiling here.
You open the door.
There is an open door here.
You open the door.
There is an open door here.
Found Voacragu's Weapon Emporium.
There is an entrance to Voacragu's Weapon Emporium here.
A cyclops comes into view.
A cyclops is nearby!
A cyclops is nearby!
A cyclops is nearby!
You start waiting.
A cyclops is nearby!
Found a stone staircase leading down.
You hit the cyclops. You burn the cyclops. The cyclops hits you!
You hit the cyclops. You burn the cyclops.
The cyclops hits you but does no damage. 😕 HP[-7]
You take 7 damage, and now have 74/81 hp.
You slash the cyclops! You burn the cyclops. You hit the cyclops.
You burn the cyclops. The cyclops hits you!
You hit the cyclops but do no damage. 😕 HP[-7]
You take 7 damage, and now have 67/81 hp.
You hit the cyclops. You burn the cyclops. The cyclops barely misses you.
Unknown command.
You completely miss the cyclops.
The cyclops is engulfed in freezing vapours.
You kill the cyclops!
Qazlal accepts your kill.
Things that are here:
5 large rocks {=f}; a cyclops corpse; 😕 HP[+1]
You start resting. 😎 HP[+13]
Your hp is fully restored (81).
Unknown command.
You open the door.
There is an open door here.
You open the door.
There is an open door here.
Found a portal to a secret trove of treasure.
There is an open door here.
There is an open door here.
You open the door.
There is an open door here.
r - 4 scrolls of teleportation {@r4} (gained 1)
There is an open door here.
You open the door.
There is an open door here.
There is an open door here.
Key pressed, stopping explore.
Things that are here:
5 large rocks {=f}; a cyclops corpse You open the door.
There is an open door here.
You open the door.
There is an open door here.
There is an open door here.
There is an open door here.
There is an open door here.
There is an open door here.
You open the door.
You hear a horrible gurgling sound!
A white ugly thing comes into view.
The white ugly thing gurgles horribly!
There is an open door here.
A white ugly thing is nearby!
A white ugly thing is nearby!
A white ugly thing is nearby!
A white ugly thing is nearby!
You closely miss the white ugly thing.
The white ugly thing tentacle-slaps you.
The white ugly thing freezes you!!
You feel a terrible chill!
You are too injured to fight recklessly! 😮 HP[-34]
You take 34 damage, and now have 47/81 hp.
MASSIVE DAMAGE!! (PAUSE)
You slice the white ugly thing!! You burn the white ugly thing!
The white ugly thing tentacle-slaps you.
The white ugly thing freezes you!!!
You feel a terrible chill!
Ouch! That really hurt!
You die...

Skill      XL: |  1  2  3  4  5  6  7  8  9 10 |
---------------+-------------------------------+-----
Axes           | 3 4 5 6 7 8 12 15 18 | 18.4
Fighting       | 4 5 |  5.0
Armour         | 4 5 |  5.0
Invocations    | 2 5 6 |  6.0
Shields        | |  3.2

Action                     |  1- 3 |  4- 6 |  7- 9 | 10-12 || total
---------------------------+-------+-------+-------+-------++-------
  Melee: War axe           |    81 |    32 |       |       ||   113
         Battleaxe         |       |    80 |   250 |    56 ||   386
  Evoke: Wand              |       |       |     3 |       ||     3
    Use: Scroll            |     3 |     4 |     6 |     2 ||    15
         Potion            |       |       |     3 |     1 ||     4
 Armour: Scale mail        |    66 |   108 |   231 |    58 ||   463
         Chain mail        |       |       |       |    19 ||    19
  Dodge: Dodged            |    34 |    60 |   127 |    14 ||   235
  Block: Buckler           |    10 |     5 |       |       ||    15
         Other             |       |       |    15 |     4 ||    19

Levels and vault maps discovered:
D:1:      beargit_arrival_greenhouse, layout_loops_ring, basic_ecumenical_altar
D:2:      layout_loops_cross, basic_altar
D:3:      layout_rooms, nicolae_overflow_hidden_temple,
          kennysheep_generic_room_7
D:4:      lemuel_castle_with_subvaults [lemuel_castle_interior_carwin_3],
          layout_basic, nicolae_grassy_gnolls
D:5:      layout_basic, temple_fountains, serial_shops,
          nicolae_shop_advertising_works [nicolae_subvault_shop_adworks],
          kennysheep_nondescript
D:6:      layout_rooms, nicolae_overflow_two_pavilions, uniq_blork_the_orc,
          uniq_jeremiah, uniq_grinder
D:7:      layout_basic, enter_bailey_8
D:8:      layout_basic, amethyst_overflow_temple_binary, serial_shops,
          nicolae_shop_rolled_up, uniq_gastronok, uniq_psyche
D:11:     layout_roguey, serial_shops, nicolae_shop_bloodbath_and_beyond, shop,
          shop, nicolae_trove_entry_columns

Notes
Turn   | Place    | Note
-------+----------+-------------------------------------------
     0 | D:1      | kae the Hill Orc Fighter began the quest for the Orb.
     0 | D:1      | Reached XP level 1. HP: 19/19 MP: 1/1
     0 | D:1      | magus.rc [v1.11.3]
   119 | D:1      | Reached skill level 3 in Axes
   245 | D:1      | Reached XP level 2. HP: 24/26 MP: 2/2
   316 | D:1      | Reached skill level 4 in Axes
   548 | D:1      | Found a faded altar of an unknown god.
   877 | D:2      | Reached XP level 3. HP: 32/33 MP: 3/3
  1163 | D:2      | Found a blossoming altar of Fedhas.
  1255 | D:3      | Reached skill level 4 in Fighting
  1262 | D:3      | Reached XP level 4. HP: 40/40 MP: 4/4
  1265 | D:3      | Reached skill level 5 in Axes
  1448 | D:3      | Found a stormy altar of Qazlal.
  1594 | D:3      | Reached skill level 4 in Armour
  1747 | D:4      | Identified a scroll of acquirement
  1747 | D:4      | Acquired a +1 battleaxe of flaming
  1829 | D:4      | Reached XP level 5. HP: 47/47 MP: 5/5
  2035 | D:4      | Reached skill level 5 in Fighting
  2060 | D:4      | Reached skill level 6 in Axes
  2060 | D:4      | Reached XP level 6. HP: 56/56 MP: 6/6
  2143 | D:3      | Became a worshipper of Qazlal Stormbringer
  2285 | D:4      | Reached skill level 5 in Armour
  2285 | D:4      | Reached skill level 1 in Invocations
  2672 | D:4      | Reached skill level 2 in Invocations
  2761 | D:4      | Reached skill level 7 in Axes
  2768 | D:4      | HP: 13/56 [poisoned by a gnoll]
  2769 | D:4      | Reached XP level 7. HP: 15/61 MP: 8/8
  3043 | D:4      | Reached skill level 3 in Invocations
  3221 | D:4      | Reached * piety under Qazlal
  3446 | D:4      | Reached skill level 4 in Invocations
  3490 | D:4      | HP: 7/61 [ogre/+0 giant spiked club (12)]
  3491 | D:4      | HP: 2/61 [ogre/+0 giant spiked club (5)]
  3493 | D:4      | Reached skill level 8 in Axes
  3958 | D:5      | Entered Level 5 of the Dungeon
  3959 | D:5      | Found Zubeut Aqaas's Weapon Shoppe.
  4107 | D:5      | Reached skill level 5 in Invocations
  4413 | D:5      | Reached XP level 8. HP: 63/68 MP: 10/12
  4596 | D:5      | Reached skill level 9 in Axes
  4596 | D:5      | Reached skill level 6 in Invocations
  4656 | D:5      | Found a staircase to the Ecumenical Temple.
  5130 | D:6      | Reached ** piety under Qazlal
  5131 | D:6      | Reached skill level 10 in Axes
  5350 | D:6      | Noticed Grinder
  5354 | D:6      | Killed Grinder
  5355 | D:6      | Reached skill level 11 in Axes
  5395 | D:6      | Noticed Blork the orc
  5402 | D:6      | Noticed Jeremiah
  5407 | D:6      | Killed Blork the orc
  5414 | D:6      | Killed Jeremiah
  5415 | D:6      | Reached skill level 12 in Axes
  5415 | D:6      | Reached XP level 9. HP: 39/74 MP: 13/13
  5651 | D:6      | Found a hazy altar of Hepliaklqana.
  5651 | D:6      | Found a basalt altar of Yredelemnul.
  5831 | D:7      | Reached skill level 13 in Axes
  5852 | D:7      | Identified the +9 mace "Xerop" {freeze, Dex+3}
  5971 | D:7      | Found a flagged portal.
  5980 | Bailey   | Entered a bailey
  6004 | Bailey   | HP: 18/74 [kobold brigand/+0 war axe (7)]
  6009 | Bailey   | HP: 11/74 [poisoned by a kobold brigand]
  6237 | Bailey   | Reached skill level 14 in Axes
  6345 | Bailey   | Found an iron altar of Okawaru.
  6568 | D:7      | Reached skill level 15 in Axes
  6690 | D:7      | Reached XP level 10. HP: 62/81 MP: 14/14
  6802 | D:7      | HP: 8/78 [orc priest/divine providence (12)]
  6803 | D:7      | Reached skill level 16 in Axes
  7087 | D:7      | Reached *** piety under Qazlal
  7208 | D:8      | You fall into a shaft and drop 3 floors!
  7229 | D:11     | Noticed a gargoyle
  7235 | D:11     | Killed a gargoyle
  7244 | D:11     | Killed an unseen horror
  7456 | D:11     | Found Qidwajoit's Antique Armour Boutique.
  7457 | D:11     | Noticed a manticore
  7469 | D:11     | Killed a manticore
  7470 | D:11     | Reached skill level 17 in Axes
  7546 | D:11     | Bought a glowing helmet for 217 gold pieces
  7546 | D:11     | Bought a pair of spiked gloves for 275 gold pieces
  7546 | D:11     | Identified the +0 pair of gloves "Nuffenai" {rElec rC-
                  | rCorr Dex+5} (You bought it in a shop on level 11 of the
                  | Dungeon)
  7546 | D:11     | Bought a runed chain mail for 217 gold pieces
  7762 | D:11     | Found Omohuse's Distillery.
  7767 | D:11     | Bought a potion of curing for 36 gold pieces
  7814 | D:11     | Noticed a two-headed ogre
  7820 | D:11     | HP: 20/81 [two-headed ogre/+0 giant club (14)]
  7822 | D:11     | Killed a two-headed ogre
  8048 | D:11     | Reached skill level 18 in Axes
  8208 | D:11     | Found Voacragu's Weapon Emporium.
  8215 | D:11     | Noticed a cyclops
  8228 | D:11     | Killed a cyclops
  8292 | D:11     | Found a portal to a secret trove of treasure.
  8465 | D:11     | Noticed a white ugly thing
  8468 | D:11     | Slain by a white ugly thing

Vanquished Creatures
  A two-headed ogre (D:11)
  A cyclops (D:11)
  A manticore (D:11)
  A gargoyle (D:11)
  An unseen horror (D:11)
  Jeremiah (D:6)
  Grinder (D:6)
  A vampire (D:11)
  3 water moccasins
  A sky beast (D:7)
  An ice beast (D:7)
  3 orc warriors (Bailey)
  3 ogres
  2 centaurs
  6 kobold brigands
  Blork the orc (D:6)
  2 bullfrogs
  5 scorpions
  5 wights (D:7)
  5 killer bees (D:7)
  3 howler monkeys
  2 hounds
  A jelly (D:4)
  A gnoll bouda (D:3)
  5 orc priests
  4 orc wizards
  20 gnolls (D:4)
  4 adders
  3 white imps
  4 worms
  3 dart slugs
  22 orcs
  6 ball pythons
  An endoplasm (D:1)
  3 giant cockroaches
  6 goblins
  2 hobgoblins (D:1)
  18 jackals
  5 bats
  4 frilled lizards
  17 kobolds
  5 rats
184 creatures vanquished.

Table legend:
 A = Non-vault XP
 B = Vault XP
 C = Vault XP percentage of total XP
 D = Non-vault monster count
 E = Vault monster count
 F = Vault count percentage of total count
                 A         B        C        D         E       F
            +---------+---------+-------+---------+---------+-------
      Total |    6190 |    2256 |  26.7 |     108 |      76 |  41.3
            +---------+---------+-------+---------+---------+-------
        D:1 |      29 |       0 |   0.0 |      17 |       0 |   0.0
        D:2 |      28 |       0 |   0.0 |      11 |       0 |   0.0
        D:3 |      97 |      44 |  31.2 |      18 |       2 |  10.0
        D:4 |     262 |     600 |  69.6 |       9 |      53 |  85.5
        D:5 |     479 |       0 |   0.0 |      10 |       0 |   0.0
        D:6 |     585 |     716 |  55.0 |       9 |       3 |  25.0
        D:7 |    1468 |       0 |   0.0 |      22 |       0 |   0.0
        D:8 |     159 |       0 |   0.0 |       1 |       0 |   0.0
       D:11 |    3083 |       0 |   0.0 |      11 |       0 |   0.0
     Bailey |       0 |     896 | 100.0 |       0 |      18 | 100.0
            +---------+---------+-------+---------+---------+-------

Skill      XL: |  1  2  3  4  5  6  7  8  9 10 |
---------------+-------------------------------+-----
Axes           | 3 4 5 6 7 8 12 15 18 | 18.4
Fighting       | 4 5 |  5.0
Armour         | 4 5 |  5.0
Invocations    | 2 5 6 |  6.0
Shields        | |  3.2

Action                     |  1- 3 |  4- 6 |  7- 9 | 10-12 || total
---------------------------+-------+-------+-------+-------++-------
  Melee: War axe           |    81 |    32 |       |       ||   113
         Battleaxe         |       |    80 |   250 |    56 ||   386
  Evoke: Wand              |       |       |     3 |       ||     3
    Use: Scroll            |     3 |     4 |     6 |     2 ||    15
         Potion            |       |       |     3 |     1 ||     4
 Armour: Scale mail        |    66 |   108 |   231 |    58 ||   463
         Chain mail        |       |       |       |    19 ||    19
  Dodge: Dodged            |    34 |    60 |   127 |    14 ||   235
  Block: Buckler           |    10 |     5 |       |       ||    15
         Other             |       |       |    15 |     4 ||    19

Illustrated notes

Table legend:
 A = Kills in this place as a percentage of kills in the entire game.
 B = Kills by you in this place as a percentage of kills by you in the entire game.
 C = Kills by friends in this place as a percentage of kills by friends in the entire game.
 D = Other kills in this place as a percentage of other kills in the entire game.
 E = Experience gained in this place as a percentage of experience gained in the entire game.
 F = Experience gained in this place divided by the number of levels of this place that you have seen.
                   A       B       C       D       E      F
               +-------+-------+-------+-------+-------+----------------------
         Total | 100.0 | 100.0 |   N/A |   N/A | 100.0 | 844.6
       Dungeon |  90.2 |  90.2 |   N/A |   N/A |  89.4 | 838.9
        Bailey |   9.8 |   9.8 |   N/A |   N/A |  10.6 | 896.0
               +-------+-------+-------+-------+-------+----------------------

Table legend: (Time is in decaauts)
 A = Elapsed time spent in this place.
 B = Non-inter-level travel time spent in this place.
 C = Inter-level travel time spent in this place.
 D = Time resting spent in this place.
 E = Time spent auto-exploring this place.
 F = Levels seen in this place.
 G = Mean time per level.
                   A        B        C        D        E       F      G
               +--------+--------+--------+--------+--------+-----+--------+
         Total |   8596 |   8238 |    358 |   1788 |   4941 |  10 |  859.6 |
       Dungeon |   8089 |   7731 |    358 |   1555 |   4808 |   9 |  898.8 |
        Bailey |    507 |    507 |      0 |    232 |    133 |   1 |  507.0 |
               +--------+--------+--------+--------+--------+-----+--------+

Top non-repeatable levels by time:
     D:4: 2177 daAuts
    D:11: 1253 daAuts
     D:5: 1046 daAuts
     D:7: 879 daAuts
     D:3: 781 daAuts
     D:6: 695 daAuts
     D:1: 626 daAuts
     D:2: 604 daAuts
  Bailey: 507 daAuts
     D:8: 25 daAuts
